 Dungeon Crawl Stone Soup version 0.30-a0-568-g124715a40b (webtiles) character file.

Game seed: 7767662761093486914

1020 billz999 the Skirmisher (level 8, -1/64 HPs)
             Began as a Gnoll Hunter on Dec 28, 2022.
             Shot with an arrow by a centaur (9 damage)
             ... on level 5 of the Dungeon.
             The game lasted 00:10:12 (3803 turns).

billz999 the Skirmisher (Gnoll Hunter)              Turns: 3803, Time: 00:10:13

Health: -1/64      AC:  6    Str: 10    XL:     8   Next: 22%
Magic:  12/12      EV: 19    Int:  8    God:
Gold:   236        SH:  0    Dex: 19    Spells: 13/13 levels left

rFire   . . .      SeeInvis .    a - +0 shortbow
rCold   . . .      Faith    .    (shield currently unavailable)
rNeg    . . .      Spirit   .    c - +0 leather armour
rPois   .          Reflect  .    (no helmet)
rElec   .          Harm     .    (no cloak)
rCorr   .          Rampage  .    (no gloves)
Will    .....                    k - +2 pair of boots
Stlth   +++                      (no amulet)
HPRegen 0.30/turn                o - +5 ring of evasion
MPRegen 0.13/turn                (no ring)

@: attractive
A: fangs 1, strong nose, distributed training
a: no special abilities


You were on level 5 of the Dungeon.
You visited 1 branch of the dungeon, and saw 5 of its levels.

You collected 236 gold pieces.

Inventory:

Hand Weapons
 a - a +0 shortbow (weapon)
 q - a +0 hand axe of electrocution
Armour
 c - a +0 leather armour (worn)
 k - a +2 pair of boots (worn)
Jewellery
 o - a +5 ring of evasion (left hand)
Scrolls
 b - 2 scrolls of immolation
 e - 3 scrolls of teleportation
 g - 2 scrolls of fear {unknown}
 h - 2 scrolls of identify {unknown}
 l - a scroll of amnesia {unknown}
 m - a scroll of poison {unknown}
 n - a scroll of enchant weapon {unknown}
Potions
 d - a potion of resistance {unknown}
 f - a potion of curing
 i - a potion of attraction
 j - 2 potions of mutation {unknown}
 p - a potion of haste {unknown}


   Skills:
 + Level 5.6 Fighting
 + Level 3.2 Short Blades
 + Level 3.2 Long Blades
 + Level 3.2 Axes
 + Level 3.2 Maces & Flails
 + Level 3.2 Polearms
 + Level 3.2 Staves
 + Level 9.1 Ranged Weapons
 + Level 3.2 Throwing
 + Level 3.2 Armour
 + Level 5.6 Dodging
 + Level 4.0 Stealth
 + Level 3.2 Shields
 + Level 3.2 Unarmed Combat
 + Level 3.2 Spellcasting
 + Level 2.6 Conjurations
 + Level 2.6 Hexes
 + Level 2.6 Summonings
 + Level 2.6 Necromancy
 + Level 2.6 Translocations
 + Level 2.6 Transmutations
 + Level 2.6 Fire Magic
 + Level 2.6 Ice Magic
 + Level 2.6 Air Magic
 + Level 2.6 Earth Magic
 + Level 2.6 Poison Magic
 + Level 3.5 Invocations
 + Level 3.2 Evocations


You had 13 spell levels left.
You didn't know any spells.
Your spell library contained the following spells:

 Spells                   Type           Power      Damage    Failure   Level
 Freeze                   Ice            20%        1d4       14%         1
 Slow                     Hex            20%        N/A       14%         1
 Sublimation of Blood     Necr           5%         N/A       22%         2
 Wereblood                Tmut           5%         N/A       22%         2
 Confusing Touch          Hex            5%         N/A       38%         3
 Frozen Ramparts          Ice            10%        1d2       38%         3
 Hailstorm                Conj/Ice       5%         3d4       38%         3
 Vampiric Draining        Necr           5%         2d6       38%         3
 Summon Hydra             Summ           2%         N/A       100%        7


Dungeon Overview and Level Annotations

Branches:
Dungeon (5/15)
 Temple: D:4-7

Altars:

Annotations:
D:5 Ijyb


Innate Abilities, Weirdness & Mutations

You have very sharp teeth.
Your uncanny sense of smell can sniff out nearby items.
Your experience applies equally to all skills.


Message History

The orc priest is moderately wounded.
Ijyb zaps a wand.
The puff of flame hits you!
You shoot an arrow. The arrow hits Ijyb but does no damage.
Ijyb is almost dead.
You shoot an arrow. The arrow hits the orc priest.
The orc priest is moderately wounded.
A centaur comes into view.
You shoot an arrow. The centaur shouts!
The arrow hits the orc priest.
The orc priest is severely wounded.
You hear a shout!
The centaur wields a +0 shortbow.
The centaur shoots an arrow.
The arrow hits you.
The centaur shoots an arrow.
The arrow barely misses you.
You shoot an arrow. The arrow hits the orc priest.
The orc priest is almost dead.
The orc priest mumbles some strange prayers to Beogh against you.
You struggle to resist.
You shoot an arrow.
The arrow hits the orc priest but does no damage.
The orc priest is almost dead.
The orc priest barely misses you.
You shoot an arrow. The arrow hits the orc priest.
You kill the orc priest!
The centaur shoots an arrow.
The arrow hits you.
Ijyb zaps a wand.
The puff of flame hits you!
The now-empty wand crumbles to dust.
The centaur shoots an arrow.
The arrow hits you!
* * * LOW HITPOINT WARNING * * *
You shoot an arrow. The arrow hits Ijyb.
Ijyb is almost dead.
The centaur shoots an arrow.
The arrow hits you.
* * * LOW HITPOINT WARNING * * *
Ijyb misses you.
You shoot an arrow. The arrow barely misses Ijyb.
Ijyb completely misses you.
The centaur shoots an arrow.
The arrow hits you!
* * * LOW HITPOINT WARNING * * *
It was a potion of attraction.
You feel attractive to monsters.
The centaur shoots an arrow.
The arrow hits you!
You die...

...............#
...............#
)...##......<.~##
.~. ##.##...≈≈.#
gg
###...≈≈.≈#######
g ##..≈..≈#......
.#.##≈≈..~≈≈.....
.....≈...........
.....≈.@≈.##....#
#.#..#.)g≈.......
#....#..#~≈#.....
..#≈..c...≈.##..
##≈≈≈#.!......
##............
.............
.....o####.#..
....#


You could see Ijyb, a centaur and an orc.

Vanquished Creatures
  2 ice beasts
  A centaur (D:5)
  3 phantoms
  A scorpion (D:4)
  2 hounds (D:4)
  2 orc priests
  2 orc wizards (D:4)
  2 iguanas (D:4)
  11 gnolls
  4 adders
  A worm (D:4)
  6 dart slugs
  18 orcs
  4 bats
  4 endoplasms
  5 giant cockroaches
  5 goblins
  5 hobgoblins
  4 jackals
  2 quokkas
  11 ball pythons
  3 frilled lizards
  9 kobolds
  2 rats
109 creatures vanquished.

Vanquished Creatures (others)
  A plant (D:1)
1 creature vanquished.

Grand Total: 110 creatures vanquished

Notes
Turn   | Place    | Note
-------+----------+-------------------------------------------
     0 | D:1      | billz999 the Gnoll Hunter began the quest for the Orb.
     0 | D:1      | Reached XP level 1. HP: 20/20 MP: 1/1
   402 | D:1      | Reached XP level 2. HP: 26/26 MP: 2/2
   886 | D:1      | Reached XP level 3. HP: 31/31 MP: 3/3
  1147 | D:2      | Reached skill level 1 in Invocations
  1445 | D:2      | Reached skill level 1 in Short Blades
  1445 | D:2      | Reached skill level 1 in Long Blades
  1445 | D:2      | Reached skill level 1 in Axes
  1445 | D:2      | Reached skill level 1 in Maces & Flails
  1445 | D:2      | Reached skill level 1 in Polearms
  1445 | D:2      | Reached skill level 1 in Staves
  1445 | D:2      | Reached skill level 1 in Throwing
  1445 | D:2      | Reached skill level 1 in Armour
  1445 | D:2      | Reached skill level 1 in Shields
  1445 | D:2      | Reached skill level 1 in Unarmed Combat
  1445 | D:2      | Reached skill level 1 in Spellcasting
  1445 | D:2      | Reached skill level 1 in Evocations
  1839 | D:3      | Reached XP level 4. HP: 38/38 MP: 5/5
  1971 | D:3      | Reached skill level 1 in Conjurations
  1971 | D:3      | Reached skill level 1 in Hexes
  1971 | D:3      | Reached skill level 1 in Summonings
  1971 | D:3      | Reached skill level 1 in Necromancy
  1971 | D:3      | Reached skill level 1 in Translocations
  1971 | D:3      | Reached skill level 1 in Transmutations
  1971 | D:3      | Reached skill level 1 in Fire Magic
  1971 | D:3      | Reached skill level 1 in Ice Magic
  1971 | D:3      | Reached skill level 1 in Air Magic
  1971 | D:3      | Reached skill level 1 in Earth Magic
  1971 | D:3      | Reached skill level 1 in Poison Magic
  2524 | D:4      | Reached XP level 5. HP: 40/43 MP: 5/7
  2771 | D:4      | Reached XP level 6. HP: 50/50 MP: 8/8
  2962 | D:4      | Reached skill level 5 in Fighting
  2962 | D:4      | Reached skill level 5 in Dodging
  3130 | D:5      | Entered Level 5 of the Dungeon
  3152 | D:5      | Noticed an ice beast
  3164 | D:4      | Killed an ice beast
  3165 | D:4      | Reached XP level 7. HP: 53/56 MP: 10/10
  3294 | D:4      | Reached skill level 9 in Ranged Weapons
  3615 | D:5      | Reached XP level 8. HP: 35/63 MP: 12/12
  3785 | D:5      | Noticed Ijyb
  3803 | D:5      | Shot with an arrow by a centaur

Illustrated notes

Levels and vault maps discovered:
D:1:      dpeg_arrival_rhombus, layout_basic, st_stairs_2,
          minmay_shallow_snake_nest
D:2:      layout_loops_ring, minmay_tetromino_s2
D:3:      minmay_spotlight, layout_loops_corners
D:4:      layout_rooms
D:5:      layout_cave_pools, mainiacjoe_overflow_concentric_impassable,
          serial_rivers, chequers_serial_rivers_micro_a,
          chequers_serial_rivers_micro_c, chequers_serial_rivers_large_a,
          chequers_serial_rivers_micro_b, chequers_serial_rivers_small_b,
          uniq_ijyb

Skill      XL: |  1  2  3  4  5  6  7  8 |
---------------+-------------------------+-----
Invocations    | 1 2 3 |  3.5
Short Blades   | 1 2 3 |  3.2
Long Blades    | 1 2 3 |  3.2
Axes           | 1 2 3 |  3.2
Maces & Flails | 1 2 3 |  3.2
Polearms       | 1 2 3 |  3.2
Staves         | 1 2 3 |  3.2
Throwing       | 1 2 3 |  3.2
Armour         | 1 2 3 |  3.2
Shields        | 1 2 3 |  3.2
Unarmed Combat | 1 2 3 |  3.2
Spellcasting   | 1 2 3 |  3.2
Evocations     | 1 2 3 |  3.2
Conjurations   | 1 2 |  2.6
Hexes          | 1 2 |  2.6
Summonings     | 1 2 |  2.6
Necromancy     | 1 2 |  2.6
Translocations | 1 2 |  2.6
Transmutations | 1 2 |  2.6
Fire Magic     | 1 2 |  2.6
Ice Magic      | 1 2 |  2.6
Air Magic      | 1 2 |  2.6
Earth Magic    | 1 2 |  2.6
Poison Magic   | 1 2 |  2.6
Stealth        | 3 4 |  4.0
Fighting       | 5 |  5.6
Dodging        | 5 |  5.6
Ranged Weapons | 9 |  9.1

Action                   |  1- 3 |  4- 6 |  7- 9 || total
-------------------------+-------+-------+-------++-------
Melee: Unarmed           |     1 |       |       ||     1
       Hand axe          |       |       |     3 ||     3
       Bite              |       |       |     1 ||     1
 Fire: Shortbow          |    85 |   179 |   121 ||   385
  Use: Scroll            |     1 |       |       ||     1
       Potion            |       |       |     3 ||     3
Armor: Leather armour    |     5 |    13 |    11 ||    29
Dodge: Dodged            |    14 |    95 |   105 ||   214

Table legend: (Time is in decaauts)
 A = Elapsed time spent in this place.
 B = Non-inter-level travel time spent in this place.
 C = Inter-level travel time spent in this place.
 D = Time resting spent in this place.
 E = Time spent auto-exploring this place.
 F = Levels seen in this place.
 G = Mean time per level.
                   A        B        C        D        E       F      G
               +--------+--------+--------+--------+--------+-----+--------+
         Total |   3859 |   3629 |    230 |    346 |   2598 |   5 |  771.8 |
       Dungeon |   3859 |   3629 |    230 |    346 |   2598 |   5 |  771.8 |
               +--------+--------+--------+--------+--------+-----+--------+

Top non-repeatable levels by time:
     D:4: 1159 daAuts
     D:1: 1011 daAuts
     D:3: 867 daAuts
     D:2: 650 daAuts
     D:5: 170 daAuts
